 Dungeon Crawl Stone Soup version 0.29.0-4-gdea44cf6ec (webtiles) character file.

Game seed: 10132845456125443856

22 qw the Chopper (level 2, 0/24 HPs)
             Began as a Demonspawn Cinder Acolyte on Sept 10, 2022.
             Was a High Priest of Ignis.
             Succumbed to an adder's poison
             ... on level 2 of the Dungeon.
             The game lasted 00:00:11 (405 turns).

qw the Chopper (Demonspawn Cinder Acolyte)           Turns: 405, Time: 00:00:12

Health: 0/24       AC:  9    Str: 14    XL:     2   Next: 68%
Magic:  3/3        EV: 11    Int: 15    God:    Ignis [*****.]
Gold:   21         SH:  0    Dex:  8    Spells: 3/3 levels left

rFire   + . .      SeeInvis .   a - -1 hand axe (flame)
rCold   . . .      Faith    .   (no shield)
rNeg    . . .      Spirit   .   b - +0 robe
rPois   .          Reflect  .   (no helmet)
rElec   .          Harm     .   (no cloak)
rCorr   .          Rampage  .   (no gloves)
Will    .....                   (no boots)
Stlth   +.........              (no amulet)
HPRegen 0.08/turn               (no ring)
MPRegen 0.08/turn               (no ring)

@: lethally poisoned (0 -> 0), fiery-armoured
A: powered by death 1
a: Renounce Religion, Fiery Armour, Foxfire Swarm, Rising Flame


You were on level 2 of the Dungeon.
You worshipped Ignis.
Ignis was extremely pleased with you.
You visited 1 branch of the dungeon, and saw 2 of its levels.

You collected 21 gold pieces.


Innate Abilities, Weirdness & Mutations

You regenerate a little health from kills.


   Skills:
 - Level 3.0 Fighting
 + Level 3.6 Axes
 - Level 1.0 Spellcasting
 - Level 2.6 Fire Magic


You had 3 spell levels left.
You didn't know any spells.
Your spell library contained the following spells:

 Spells                   Type           Power      Damage    Failure   Level
 Scorch                   Fire           16%        2d5       12%         2

Inventory:

Hand Weapons
 a - a -1 hand axe of flaming (weapon)
Armour
 b - a +0 robe (worn)
 f - a +0 ring mail
Jewellery
 d - an amulet of guardian spirit
Scrolls
 c - a scroll of noise {unknown}
 e - 3 scrolls of teleportation {unknown}
 g - a scroll of summoning {unknown}
 h - a scroll of identify {unknown}

Dungeon Overview and Level Annotations

Branches:
Dungeon (1/15)

Altars:


Message History

You closely miss the adder.
You feel sick. The adder bites you.
A kobold comes into view. It is wielding a +0 short sword.
The hobgoblin hits you.
398 ||| INVOKING Fiery Armour.
A protective cloak of flame settles atop you.
You feel sick. The adder completely misses you.
The hobgoblin hits you but does no damage.
The hobgoblin is burned by your cloak of flames.
The hobgoblin is almost dead.
The adder bites you.
You are lethally poisoned!
The adder poisons you!
The adder is burned by your cloak of flames.
The adder is severely wounded.
You closely miss the hobgoblin.
The hobgoblin is almost dead.
The kobold shouts!
You hit the adder but do no damage.
You feel very sick. The hobgoblin misses you.
The adder bites you but does no damage.
The adder is burned by your cloak of flames.
You kill the adder!
You hit the hobgoblin. You burn the hobgoblin.
You kill the hobgoblin!
You feel sick. The endoplasm freezes you.
You are frozen.
You hit the endoplasm. You burn the endoplasm.
The endoplasm is almost dead.
You feel sick. The endoplasm freezes you.
You are frozen.
You hit the endoplasm. You burn the endoplasm.
You kill the endoplasm!
You feel sick.
The kobold throws a stone.
The stone hits you but does no damage.
You feel sick.
You feel sick.
You closely miss the kobold.
You die...

#######....%...##
...............>##
#######.##.###...#
#....# ##..#
###... #..#
..#.###).####
.###.........#
#.....###..##.#
#.#.# #.@# # ..
#.K# . #..# #?..
#.### ... ..# ...


You could see a kobold.

Vanquished Creatures
  An adder (D:2)
  A dart slug (D:2)
  2 endoplasms (D:2)
  A giant cockroach (D:2)
  A goblin (D:2)
  A hobgoblin (D:2)
  A ball python (D:1)
  A kobold (D:2)
  3 rats (D:2)
12 creatures vanquished.

Notes
Turn   | Place    | Note
-------+----------+-------------------------------------------
     0 | D:1      | qw the Demonspawn Cinder Acolyte began the quest for the
                  | Orb.
     0 | D:1      | Reached XP level 1. HP: 18/18 MP: 2/2
     0 | D:1      | 0 ||| qw: Version: 0.1-a-113-g051387a
     0 | D:1      | 0 ||| qw: Game counter: 7377
     0 | D:1      | 0 ||| qw: Always use a shield: true
     0 | D:1      | 0 ||| qw: God list: Okawaru
     0 | D:1      | 0 ||| qw: Allow faded altars: false
     0 | D:1      | 0 ||| qw: Do Orc after D:15 true
     0 | D:1      | 0 ||| qw: Do second Lair branch before Depths: true
     0 | D:1      | 0 ||| qw: Lair rune preference: random
     0 | D:1      | 0 ||| qw: Plans: Normal
     0 | D:1      | 0 ||| PLANNING D:1-11
    36 | D:1      | You fall into a shaft and drop 1 floor!
   139 | D:2      | 139 ||| Stepping ~*~*~tactically~*~*~ (hiding).
   251 | D:2      | Reached skill level 3 in Axes
   372 | D:2      | Gained mutation: You regenerate a little health from kills.
                  | [demonic ancestry]
   372 | D:2      | Reached XP level 2. HP: 24/24 MP: 3/3
   385 | D:2      | 385 ||| Stepping ~*~*~tactically~*~*~ (stealth).
   386 | D:2      | 386 ||| Stepping ~*~*~tactically~*~*~ (stealth).
   389 | D:2      | 389 ||| Stepping ~*~*~tactically~*~*~ (stealth).
   398 | D:2      | 398 ||| INVOKING Fiery Armour.
   398 | D:2      | HP: 6/24 [adder (2)]
   401 | D:2      | HP: 2/24 [poisoned by an adder]
   405 | D:2      | Succumbed to an adder's poison

Levels and vault maps discovered:
D:1:      ncdulo_watergridlock, layout_rooms, shapermc_ecumenical_altar_petra
D:2:      layout_basic, basic_altar

Skill      XL: |  1 |
---------------+----+-----
Axes           | 3 |  3.6
Fighting       | |  3.0
Spellcasting   | |  1.0
Fire Magic     | |  2.6

Action                   || total
-------------------------++-------
Melee: Hand axe          ||    30
Invok: Fiery Armour      ||     1
Armor: Robe              ||     5
Dodge: Dodged            ||    13

Table legend:
 A = Non-vault XP
 B = Vault XP
 C = Vault XP percentage of total XP
 D = Non-vault monster count
 E = Vault monster count
 F = Vault count percentage of total count
                 A         B        C        D         E       F
            +---------+---------+-------+---------+---------+-------
      Total |      32 |       0 |   0.0 |      12 |       0 |   0.0
            +---------+---------+-------+---------+---------+-------
        D:1 |       1 |       0 |   0.0 |       1 |       0 |   0.0
        D:2 |      31 |       0 |   0.0 |      11 |       0 |   0.0
            +---------+---------+-------+---------+---------+-------
